 Dungeon Crawl Stone Soup version 0.18-a0-1195-g77a4f03 (webtiles) character file.

1458 4thArraOfDagon the Chopper (level 8, -1/74 HPs)
             Began as a Naga Chaos Knight on Jan 29, 2016.
             Incinerated by the severe capriciousness of Xom (2 damage)
             ... on level 7 of the Dungeon.
             The game lasted 00:13:20 (1874 turns).

4thArraOfDagon the Chopper (Naga Chaos Knight)      Turns: 1874, Time: 00:13:24

Health: -1/74      AC:  9    Str: 14    XL:     8   Next: 76%
Magic:  8/8        EV:  5    Int: 14    God:    Xom [......]
Gold:   195        SH:  0    Dex: 14    Spells: 0 memorised, 7 levels left

rFire  . . .     SeeInvis +     a - +0 hand axe (chaos)
rCold  . . .     Gourm    .     r - +1 chain mail of Fumotom {Int+2 Stlth+}
rNeg   . . .     Faith    .     (no shield)
rPois  +         Spirit   .     (helmet restricted)
rElec  .         Dismiss  .     (no cloak)
rCorr  .         Reflect  .     (no gloves)
SustAt .         Harm     .     (no barding)
MR     ++...                    (no amulet)
Stlth  ..........               (no ring)
                                g - ring of protection from magic

@: liquid flames, flying, very slightly contaminated, hasted, glowing, quick,
very resistant to hostile enchantments, extremely unstealthy
A: antennae 1, see invisible, deformed body, poison resistance, slowness 2, slow
metabolism 1, spit poison 2, AC +2
a: Spit Poison, Renounce Religion


You were on level 7 of the Dungeon.
You worshipped Xom.
You were a very special plaything of Xom.
You were not hungry.

You visited 2 branches of the dungeon, and saw 9 of its levels.

You collected 195 gold pieces.

Inventory:

Hand Weapons
 a - a +0 hand axe of chaos (weapon)
Armour
 b - a +2 leather armour
 h - a +0 ring mail
 n - a +2 ring mail of cold resistance
 r - the +1 chain mail of Fumotom (worn) {Int+2 Stlth+}
   (You found it on level 5 of the Dungeon)

   It affects your intelligence (+2).
   It makes you more stealthy.
Jewellery
 g - a ring of protection from magic (left hand)
Wands
 l - a wand of slowing (14/48)
Scrolls
 k - a scroll of magic mapping
 o - 2 scrolls of remove curse
Potions
 d - a potion of magic {unknown}
 f - a potion of curing {unknown}
 i - a potion of haste
 j - a potion of ambrosia
 m - a potion of heal wounds {unknown}
 q - 2 potions of flight
Books
 e - a book of Death

   Spells                             Type                      Level
   a - Corpse Rot                     Necromancy                   2
   b - Sublimation of Blood           Necromancy                   2
   c - Agony                          Necromancy                   5
   d - Dispel Undead                  Necromancy                   5
   e - Excruciating Wounds            Charms/Necromancy            5
   f - Bolt of Draining               Conjuration/Necromancy       5
Comestibles
 c - 2 bread rations


   Skills:
 + Level 5.3 Fighting
 * Level 7.5 Axes
 + Level 4.2 Armour
 + Level 3.6 Dodging


You had 7 spell levels left.
You didn't know any spells.

Dungeon Overview and Level Annotations

Branches:
Dungeon (8/15)             Temple (1/1) D:7
   Lair: D:8-11

Altars:
Ashenzari
Dithmenos
Elyvilon
Gozag
Kikubaaqudgha
Makhleb
Nemelex Xobeh
Okawaru
Pakellas
Qazlal
Ru
Trog
Vehumet
Yredelemnul
The Shining One

Shops:
D:6 :

Annotations:
D:5 4thArraOfDagon's ghost, weakling DrSu
D:7 Prince Ribbit


Innate Abilities, Weirdness & Mutations

You cannot wear boots.
Your serpentine skin is tough (AC +2).
You have supernaturally acute eyesight.
Armour fits poorly on your strangely shaped body.
Your system is resistant to poisons.
You cover ground very slowly.
You have a slow metabolism.
You can spit poison.
You have a pair of small antennae on your head.


Message History

Read which item? (? for menu, Esc to quit)
As you read the scroll of fear, it crumbles to dust.
You assume a fearsome visage.
You are covered in liquid flames!
You have got your breath back.
Prince Ribbit barely misses you.
Unknown command.
Unknown command.
Unknown command.
Unknown command.
Drink which item? (? for menu, Esc to quit)
Okay, then.
Drink which item? (? for menu, Esc to quit)
It was a potion of flight.
You feel very buoyant.
You fly up into the air.
Xom thinks this is hilarious!
You are covered in liquid flames!
You die...
Xom titters!

##.......#
#........#
#.#<....##
##.##....##
#.........#
###
#...#.#...#
...
.....#.#.#..#
##
##.(#.#F#.#.#
#...#@>.#..#
#..#.#.#.#.#
#...#.#.#..#
#....#.#...#
#...... ...#
#...... ####
#######


You could see Prince Ribbit (berserk).

Vanquished Creatures
  Menkaure (D:5)
  3 ice beasts (D:6)
  2 orc warriors (D:6)
  A centaur (D:6)
  2 giant frogs (D:6)
  2 scorpions (D:5)
  A wight (D:6)
  2 crimson imps (D:6)
  A giant frog zombie (D:5)
  A giant frog skeleton (D:7)
  2 orc wizards (D:6)
  4 adders
  A gnoll (D:2)
  A shadow imp (D:7)
  A worm (D:2)
  A giant gecko (D:3)
  5 orcs
  6 bats
  4 giant cockroaches
  3 goblins (D:2)
  A hobgoblin (D:2)
  9 jackals
  3 kobolds
  2 quokkas (D:5)
  A giant cockroach zombie (D:5)
  4 giant newts (D:2)
  A hobgoblin zombie (D:4)
  A jackal skeleton (D:6)
  An orc zombie (D:4)
  A quokka skeleton (D:5)
  A quokka zombie (D:5)
  7 rats
  A spectral orc (D:5)
77 creatures vanquished.

Vanquished Creatures (collateral kills)
  An orc warrior (D:7)
  2 ogres
  A giant frog (D:4)
  The ghost of 4thArraOfDagon the Ruffian, an amateur VSEE of Dithmenos (D:4)
  A scorpion (D:4)
  A jelly (D:5)
  A giant frog skeleton (D:7)
  An orc wizard (D:7)
  A mummy (D:4)
  3 gnolls (D:4)
  An adder (D:4)
  An ooze (D:5)
  An orc (D:6)
  A hobgoblin zombie (D:4)
17 creatures vanquished.

Grand Total: 94 creatures vanquished

Notes
Turn   | Place    | Note
--------------------------------------------------------------
     0 | D:1      | 4thArraOfDagon the Naga Chaos Knight began the quest for the Orb.
     0 | D:1      | Reached XP level 1. HP: 21/21 MP: 1/1
    75 | D:2      | Reached XP level 2. HP: 21/28 MP: 2/2
   149 | D:2      | Found a sparkling altar of Nemelex Xobeh.
   177 | D:2      | Reached skill level 1 in Dodging
   177 | D:2      | Reached XP level 3. HP: 30/34 MP: 3/3
   282 | D:2      | XOM: harmless Trmt miscast
   295 | D:2      | XOM is BORED!
   295 | D:2      | XOM: harmless Air miscast
   321 | D:2      | XOM: harmless Summ miscast
   326 | D:2      | Reached XP level 4. HP: 13/42 MP: 4/4
   348 | D:2      | XOM: 8-stop teleportation journey
   410 | D:2      | Reached skill level 4 in Axes
   542 | D:4      | Noticed a giant frog
   542 | D:4      | XOM: confusion
   550 | D:4      | Killed a giant frog
   550 | D:4      | Reached XP level 5. HP: 7/49 MP: 5/5
   631 | D:4      | Noticed 4thArraOfDagon's ghost (amateur VSEE)
   636 | D:4      | Killed 4thArraOfDagon's ghost
   671 | D:4      | Noticed an ogre
   675 | D:4      | Killed an ogre
   675 | D:4      | Reached XP level 6. HP: 38/57 MP: 6/6
   709 | D:5      | Entered Level 5 of the Dungeon
   713 | D:5      | Got a steaming chain mail
   724 | D:5      | Identified the +1 chain mail of Fumotom {Int+2 Stlth+} (You found it on level 5 of the Dungeon)
   792 | D:5      | Noticed 4thArraOfDagon's ghost (weakling DrSu)
   793 | D:5      | Noticed a water moccasin
   796 | D:5      | XOM: enchant monster (good)
   815 | D:5      | XOM: give mutation
   815 | D:5      | Gained mutation: You have a pair of small antennae on your head. [Xom's grace]
   846 | D:5      | Noticed Menkaure
   850 | D:5      | XOM: summons friendly white imp
   855 | D:5      | Killed Menkaure
   855 | D:5      | Reached skill level 5 in Axes
   955 | D:5      | Reached XP level 7. HP: 62/64 MP: 7/7
  1006 | D:6      | XOM: swap monsters
  1047 | D:6      | Reached skill level 6 in Axes
  1050 | D:6      | XOM: summons 2 friendly demons
  1057 | D:6      | XOM: 2-stop teleportation journey
  1074 | D:6      | Found Agips's Book Shoppe.
  1109 | D:6      | XOM: enchant monster (good)
  1157 | D:6      | XOM: summons friendly crimson imp
  1173 | D:6      | XOM: destruction
  1248 | D:6      | Reached XP level 8. HP: 24/73 MP: 8/8
  1281 | D:6      | XOM: potion effect (might)
  1348 | D:6      | Found a sacrificial altar of Ru.
  1359 | D:6      | Reached skill level 5 in Fighting
  1483 | D:7      | Reached skill level 7 in Axes
  1575 | D:5      | Found a basalt altar of Yredelemnul.
  1753 | D:6      | XOM: enchant monster (bad)
  1776 | D:7      | Noticed Prince Ribbit
  1777 | D:7      | Found a staircase to the Ecumenical Temple.
  1778 | D:7      | XOM: medium Necr miscast
  1779 | D:7      | Noticed a shadow
  1779 | D:7      | Noticed a shadow
  1781 | Temple   | Entered the Ecumenical Temple
  1871 | D:7      | XOM: severe Fire miscast
  1872 | D:7      | HP: 1/74 [Prince Ribbit (14)]
  1874 | D:7      | Incinerated by the severe capriciousness of Xom

Vault maps used:
D:1:      saegor_arrival_simple_a
D:2:      nemelex_altar_shiori
D:3:      uniq_jessica, uniq_terence, uniq_natasha
D:4:      minitemple, first_bread, minmay_mini_ossuary, uniq_robin
D:5:      yredelemnul_forgotten_temple_becter, uniq_menkaure
D:6:      nicolae_ru_sacrificial_ziggurat, serial_shops, shop
D:7:      minmay_temple_entry_grid, uniq_prince_ribbit1
D:8:      special_room, hangedman_pestilent_swarm, uniq_grum
Temple:   triangle_lava_temple_12

Action                   |  1- 3 |  4- 6 |  7- 9 || total
-------------------------+-------+-------+-------++-------
Melee: Hand axe          |    46 |    77 |   150 ||   273
 Abil: Spit Poison       |    11 |     7 |    16 ||    34
Evoke: Wand              |       |       |    13 ||    13
  Use: Scroll            |       |     9 |     2 ||    11
       Potion            |       |     2 |     3 ||     5
 Stab: Paralysed         |       |     1 |    10 ||    11
       Invisible         |       |       |     2 ||     2
       Confused          |       |       |     2 ||     2
       Distracted        |       |       |     1 ||     1
  Eat: Chunk             |       |       |     4 ||     4
       Bread ration      |       |       |     1 ||     1
